 Dungeon Crawl Stone Soup version 0.24.0-13-gcf9b319 (webtiles) character file.

Game seed: 4292906605550630364, levelgen mode: deterministic

180 Bronimir the Chiller (level 5, -5/24 HPs)
             Began as a Vine Stalker Ice Elementalist on Mar 26, 2020.
             Slain by Sigmund
             ... wielding a +0 scythe
              (10 damage)
             ... on level 3 of the Dungeon.
             The game lasted 00:11:45 (2816 turns).

Bronimir the Chiller (VSIE)                         Turns: 2816, Time: 00:11:46

Health: -5/24      AC:  6    Str: 11    XL:     5   Next: 60%
Magic:  0/11       EV: 12    Int: 16    God:
Gold:   155        SH:  0    Dex: 14    Spells: 4/10 levels left

rFire    . . .     SeeInvis .   x - +0 quarterstaff
rCold    . . .     Gourm    .   (shield currently unavailable)
rNeg     . . .     Faith    .   i - +0 leather armour
rPois    .         Spirit   +   o - +0 helmet (curse)
rElec    .         Reflect  .   e - +0 cloak
rCorr    .         Harm     .   s - +0 pair of gloves
MR       .....                  (no boots)
Stlth    ++........             (no amulet)
HPRegen  0.48/turn              (no ring)
MPRegen  0.12/turn              (no ring)

@: very slightly contaminated
A: fangs 2, regeneration 1, magic shield, antimagic bite, no potion heal 3, rot
immunity
a: no special abilities


You were on level 3 of the Dungeon.
You were hungry.

You visited 1 branch of the dungeon, and saw 3 of its levels.

You collected 155 gold pieces.

Inventory:

Hand Weapons
 a - a +0 whip
 b - a +0 hunting sling
 x - a +0 quarterstaff (weapon)
Missiles
 f - 45 stones (quivered)
 g - 48 arrows
 r - 18 sling bullets
 u - 38 bolts
Armour
 d - a +2 ring mail of fire resistance
 e - a +0 cloak (worn)
 h - a +0 robe
 i - a +0 leather armour (worn)
 o - a cursed +0 helmet (worn)
 s - a +0 pair of gloves (worn)
Wands
 m - a wand of digging (7)
Scrolls
 k - a scroll of amnesia {unknown}
 n - a scroll of remove curse {unknown}
 p - 2 scrolls of identify {unknown}
 q - a scroll of fear {unknown}
 w - a scroll of teleportation {unknown}
Potions
 j - a potion of flight {unknown}
 l - a potion of curing
 t - 2 potions of mutation {unknown}
 v - 2 potions of invisibility {unknown}
Comestibles
 c - 6 rations


   Skills:
 + Level 0.2 Fighting
 + Level 2.0 Slings
 * Level 0.4 Armour
 + Level 1.7 Dodging
 + Level 2.5 Stealth
 * Level 3.4 Spellcasting
 + Level 1.0 Conjurations
 * Level 4.4 Ice Magic


You had 4 spell levels left.
You knew the following spells:

 Your Spells              Type           Power        Failure   Level  Hunger
a - Freeze                Ice            ###.         3%          1    None
b - Throw Frost           Conj/Ice       ##....       12%         2    ##.....
c - Ozocubu's Armour      Chrm/Ice       #.......     28%         3    ###....

Your spell library contained the following spells:

 Spells                   Type           Power        Failure   Level  Hunger
 Throw Icicle             Conj/Ice       ##......     58%         4    ####...
 Summon Ice Beast         Ice/Summ       #.......     67%         4    ####...


Dungeon Overview and Level Annotations

Branches:
Dungeon (3/15)

Altars:
Trog
Wu Jian

Annotations:
D:3 Sigmund


Innate Abilities, Weirdness & Mutations

You have extremely sharp teeth.
Your natural rate of healing is unusually fast.
When hurt, damage is shared between your health and your magic reserves.
Your bite disrupts and absorbs the magic of your enemies.
Potions cannot restore your health.
You are immune to rotting.


Message History

a cursed -2 club; a +0 spear; a +0 animal skin; a +0 helmet; a hobgoblin corpse You barely miss the goblin.
You bite the goblin, but do no damage. Something hits you.
The goblin hits you but does no damage. The goblin barely misses you.
You barely miss the goblin. Something hits you! The goblin barely misses you.
You barely miss the goblin. Something hits you. The goblin hits you.
You sock the goblin!
You kill the goblin!
Something hits you but does no damage. Something hits you but does no damage.
Things that are here:
a goblin corpse x2
You barely miss something. You bite something. You drain its magic.
You feel invigorated.
You closely miss something. Something hits you!
You hit something but do no damage. Your bite misses something.
Something hits you!
* * * LOW HITPOINT WARNING * * *
It was a potion of curing.
That felt strangely inert.
Something hits you!
You die...

### #.#
..# #.#
..#
#.######
..#
#......#
..#
#####.##
..# #.#
..#
#.######
..#
#....))#
..#
######@#
..# #{#
..###
#.#
....#
#.#
....#
#.#
....#
#.#
....#
#..
....#
###
....#


There were no monsters in sight!

Vanquished Creatures
  Jessica (D:2)
  Robin (D:3)
  6 adders
  An ooze (D:3)
  3 worms
  4 leopard geckos
  4 orcs (D:3)
  11 bats
  2 giant cockroaches
  6 goblins (D:3)
  11 hobgoblins
  9 kobolds
  2 quokkas
  3 frilled lizards
  9 rats
73 creatures vanquished.

Notes
Turn   | Place    | Note
-------+----------+-------------------------------------------
     0 | D:1      | Bronimir the Vine Stalker Ice Elementalist began the quest
                  | for the Orb.
     0 | D:1      | Reached XP level 1. HP: 9/9 MP: 4/4
   175 | D:1      | Reached XP level 2. HP: 13/13 MP: 0/6
   485 | D:1      | Learned a level 2 spell: Throw Frost
   812 | D:2      | Reached XP level 3. HP: 13/16 MP: 1/7
   960 | D:2      | Found a bloodstained altar of Trog.
   999 | D:2      | Reached skill level 4 in Ice Magic
  1131 | D:2      | Learned a level 3 spell: Ozocubu's Armour
  1168 | D:2      | Gained mutation: Your natural rate of healing is unusually
                  | fast. [Vine Stalker growth]
  1168 | D:2      | Reached XP level 4. HP: 21/21 MP: 1/9
  1265 | D:2      | Noticed Jessica
  1273 | D:2      | Killed Jessica
  1273 | D:2      | Reached skill level 1 in Slings
  1731 | D:2      | Found a faded altar of an unknown god.
  2045 | D:3      | Reached XP level 5. HP: 23/24 MP: 5/10
  2423 | D:3      | Found an ornate altar of the Wu Jian Council.
  2783 | D:3      | Noticed Robin
  2797 | D:3      | Noticed Sigmund
  2804 | D:3      | Killed Robin
  2816 | D:3      | Slain by Sigmund

Levels and vault maps discovered:
D:1:      dpeg_arrival_lava_temple_mockup, layout_basic
D:2:      layout_basic, chequers_ecumenical_altar_lobes,
          trog_three_pillars_becter, uniq_jessica
D:3:      layout_basic, lemuel_round_altar, uniq_sigmund, uniq_robin,
          uniq_crazy_yiuf_cottage

Skill      XL: |  1  2  3  4  5 |
---------------+----------------+-----
Ice Magic      | 4 |  4.4
Spellcasting   | 3 |  3.4
Slings         | 1 2 |  2.0
Fighting       | |  0.2
Armour         | |  0.4
Dodging        | |  1.7
Stealth        | |  2.5
Conjurations   | |  1.0

Action                   |  1- 3 |  4- 6 || total
-------------------------+-------+-------++-------
Melee: Bite              |     1 |     4 ||     5
       Unarmed           |     1 |       ||     1
       Whip              |     9 |       ||     9
       Quarterstaff      |       |    23 ||    23
 Fire: Hunting sling     |    11 |   150 ||   161
Throw: Stone             |       |     1 ||     1
 Cast: Freeze            |    35 |    34 ||    69
       Throw Frost       |     5 |     1 ||     6
  Use: Potion            |       |     1 ||     1
  Eat: Chunk             |     1 |     5 ||     6
Armor: Ring mail         |    34 |     6 ||    40
       Leather armour    |       |    39 ||    39
Dodge: Dodged            |    28 |    79 ||   107
